 Dungeon Crawl Stone Soup version 0.23.2-30-g0e89c35649 (webtiles) character file.

Game seed: 3405864022173254747

61 alrianne the Ruffian (level 4, 0/40 HPs)
             Began as a Ghoul Monk on June 13, 2019.
             Slain by Sigmund
             ... wielding a +0 scythe
              (12 damage)
             ... on level 2 of the Dungeon.
             The game lasted 00:09:11 (1078 turns).

alrianne the Ruffian (Ghoul Monk)                   Turns: 1078, Time: 00:09:12

Health: 0/40       AC:  5    Str: 15    XL:     4   Next: 7%
Magic:  3/3        EV: 11    Int:  5    God:
Gold:   54         SH:  0    Dex: 11    Spells: 3/3 levels left

rFire    . . .     SeeInvis .     - Unarmed
rCold    + . .     Gourm    .   (no shield)
rNeg     + + +     Faith    .   f - +0 ring mail
rPois    ∞         Spirit   .   (no helmet)
rElec    .         Reflect  .   (no cloak)
rCorr    .         Harm     .   (no gloves)
MR       .....                  (no boots)
Stlth    +.........             (no amulet)
HPRegen  0.00/turn              (no ring)
MPRegen  0.08/turn              (no ring)

@: rotting
A: rotting body, claws 1, carnivore, cold resistance 1, negative energy
resistance 3, inhibited regeneration, torment resistance, unbreathing
a: no special abilities


You were on level 2 of the Dungeon.
You were not hungry.

You visited 1 branch of the dungeon, and saw 2 of its levels.

You collected 54 gold pieces.

Inventory:

Armour
 a - a +0 robe
 f - a +0 ring mail (worn)
Scrolls
 g - a scroll of teleportation
Potions
 e - a potion of degeneration {unknown}
 h - a potion of heal wounds {unknown}
 i - a potion of magic {unknown}
 j - a potion of invisibility {unknown}
 k - a potion of might {unknown}
Comestibles
 b - 2 rations
 c - a chunk of flesh


   Skills:
 + Level 3.7 Fighting
 + Level 0.2 Armour
 + Level 3.2 Dodging
 + Level 2.6 Stealth
 + Level 4.2 Unarmed Combat


You had 3 spell levels left.
You didn't know any spells.
Your spell library was empty.

Dungeon Overview and Level Annotations

Branches:
Dungeon (2/15)

Altars:
Gozag
Sif Muna

Annotations:
D:1 1 exclusion
D:2 Sigmund


Innate Abilities, Weirdness & Mutations

Your body is rotting away.
You thrive on raw meat.
You are immune to poison.
You have sharp fingernails.
You are carnivorous and can eat meat at any time.
Your flesh is cold resistant. (rC+)
You are immune to negative energy. (rN+++)
You do not regenerate when monsters are visible.
You are immune to unholy pain and torment.
You can survive without breathing.


Message History

Sigmund hits you from afar with a +0 scythe!
The hobgoblin hits you with a +0 club.
You claw the rat!
You kill the rat!
The leopard gecko closely misses you.
You claw the rat!
You kill the rat!
The hobgoblin hits you but does no damage.
The leopard gecko bites you. Sigmund closely misses you.
You scratch the leopard gecko but do no damage.
The hobgoblin hits you but does no damage.
The leopard gecko bites you. Sigmund closely misses you.
You closely miss the leopard gecko. The leopard gecko bites you.
The hobgoblin hits you with a +0 club.
* * * LOW HITPOINT WARNING * * *
You claw the leopard gecko!
You kill the leopard gecko!
The hobgoblin barely misses you.
Sigmund hits you from afar with a +0 scythe!
You die...

...........#.....###
...................#
#..........#.....##
#..........##.####
...######..##.######
...# ##.##......#
...# ##..#......#
...#
#...<..%...#####
...#
#......†@......#
...+
...........g.....#
...#
.##.........@....#
... #....>....(.....
.. #..............#
. #.##########.#..
#. .# . #


You could see Sigmund and a hobgoblin.

Vanquished Creatures
  An adder (D:2)
  2 oozes (D:1)
  3 dart slugs (D:1)
  A leopard gecko (D:2)
  6 bats
  4 giant cockroaches
  2 goblins (D:1)
  A hobgoblin (D:2)
  3 jackals (D:1)
  2 kobolds (D:1)
  3 quokkas (D:2)
  2 ball pythons (D:1)
  2 frilled lizards (D:2)
  3 rats
35 creatures vanquished.

Notes
Turn   | Place    | Note
-------+----------+-------------------------------------------
     0 | D:1      | alrianne the Ghoul Monk began the quest for the Orb.
     0 | D:1      | Reached XP level 1. HP: 19/19 MP: 0/0
    96 | D:1      | Reached XP level 2. HP: 21/26 MP: 1/1
   502 | D:1      | Reached XP level 3. HP: 27/31 MP: 2/2
   951 | D:2      | Found an opulent altar of Gozag.
   953 | D:2      | Found a deep blue altar of Sif Muna.
   964 | D:2      | Reached skill level 4 in Unarmed Combat
  1066 | D:2      | Reached XP level 4. HP: 40/40 MP: 3/3
  1069 | D:2      | Noticed Sigmund
  1078 | D:2      | Slain by Sigmund

Skill      XL: |  1  2  3 |
---------------+----------+-----
Dodging        | 3 |  3.2
Unarmed Combat | 4 |  4.2
Fighting       | |  3.7
Armour         | |  0.2
Stealth        | |  2.6

Action                   |  1- 3 |  4- 6 || total
-------------------------+-------+-------++-------
Melee: Unarmed           |   100 |     9 ||   109
       Club              |     5 |       ||     5
       Punch             |     1 |       ||     1
  Use: Scroll            |     2 |       ||     2
 Stab: Sleeping          |     2 |       ||     2
  Eat: Chunk             |     7 |       ||     7
Armor: Robe              |     7 |       ||     7
       Ring mail         |    37 |     3 ||    40
Dodge: Dodged            |    85 |     5 ||    90
